 Dungeon Crawl Stone Soup version 0.30.0-19-g36f170ea60 (webtiles) character file.

Game seed: 17176017796901176840

413 Peloso the Covered (level 6, 0/57 HPs)
             Began as a Minotaur Fighter on May 28, 2023.
             Was an Initiate of Okawaru.
             Killed from afar by an orc wizard (4 damage)
             ... with a magic dart
             ... on level 4 of the Dungeon.
             The game lasted 00:05:30 (2567 turns).

Peloso the Covered (Minotaur Fighter)               Turns: 2567, Time: 00:05:30

Health: 0/57       AC: 14    Str: 21    XL:     6   Next: 59%
Magic:  0/5        EV:  6    Int:  5    God:    Okawaru [......]
Gold:   171        SH:  5    Dex: 11    Spells: 5/5 levels left

rFire   . . .        a - +0 long sword
rCold   . . .        d - +0 buckler
rNeg    . . .        c - +0 plate armour
rPois   .            m - +2 hat of the Bear Spirit {Spirit, Bear, *Rage Will++}
rElec   .            (no cloak)
rCorr   .            (no gloves)
SInv    .            (no boots)
Will    ++...        (no amulet) Stlth
                     (no ring)
HPRegen 0.29/turn    (no ring)
MPRegen 0.09/turn

%: random rage (20%), guardian spirit
@: on berserk cooldown
A: horns 2, retaliatory headbutt
a: Renounce Religion


You were on level 4 of the Dungeon.
You worshipped Okawaru.
Okawaru was noncommittal.
You visited 1 branch of the dungeon, and saw 4 of its levels.

You collected 171 gold pieces.

Inventory:

Hand Weapons
 a - a +0 long sword (weapon)
Armour
 b - the +0 chain mail of Baldness {Will++}
   (You found it on level 3 of the Dungeon)

   Will:      It greatly increases your willpower.
 c - a +0 plate armour (worn)
 d - a +0 buckler (worn)
 m - the +2 hat of the Bear Spirit (worn) {Spirit, Bear, *Rage Will++}
   (You found it on level 4 of the Dungeon)

   Bear:      Going berserk makes the wearer exceptionally tough, and they are
   slowed for a shorter time afterward.
   *Rage:     It berserks you when you make melee attacks (+20% chance).
   Will:      It greatly increases your willpower.
Jewellery
 f - an amulet of regeneration
 g - an amulet of guardian spirit
 n - a ring of protection from fire
Scrolls
 e - a scroll of enchant armour {unknown}
 h - a scroll of torment {unknown}
 j - 2 scrolls of enchant weapon {unknown}
 k - a scroll of brand weapon {unknown}
 l - 4 scrolls of blinking {unknown}
 s - a scroll of teleportation {unknown}
 t - a scroll of vulnerability {unknown}
Potions
 i - a potion of brilliance
 o - a potion of berserk rage
 p - a potion of heal wounds
 q - 2 potions of curing
 r - a potion of magic
 u - a potion of might


   Skills:
 + Level 5.6 Fighting
 + Level 5.0 Long Blades
 + Level 5.6 Armour
 + Level 0.8 Dodging
 + Level 0.1 Stealth
 + Level 4.5 Shields


You had 5 spell levels left.
You didn't know any spells.
Your spell library contained the following spells:

 Spells                   Type           Power      Damage    Failure   Level
 Static Discharge         Conj/Air       0%         2-2/arc   100%        2
 Dazzling Flash           Conj/Hex       0%         N/A       100%        3
 Portal Projectile        Hex/Tloc       0%         N/A       100%        3
 Volatile Blastmotes      Fire/Tloc      0%         2d10      100%        3
 Airstrike                Air            0%         2d(0-16)  100%        4
 Iskenderun's Mystic Bla  Conj/Tloc      0%         2d3       100%        4
 Blade Hands              Tmut           0%         N/A       100%        5
 Starburst                Conj/Fire      0%         6d3       100%        6
 Tukima's Dance           Hex            Unusable   N/A       N/A         3
 Summon Lightning Spire   Summ/Air       Unusable   N/A       N/A         4

Dungeon Overview and Level Annotations

Branches:
Dungeon (4/15)
 Temple: D:4-7

Altars:
Fedhas
Gozag
Okawaru

Shops:
D:2 :


Innate Abilities, Weirdness & Mutations

You have a pair of horns on your head.
You reflexively headbutt those who attack you in melee.


Message History

You block something's attack.
You miss something.
Something hits you but does no damage. x2
You completely miss something.
Something hits you but does no damage. x2
You completely miss something. Your headbutt misses something.
Something hits you but does no damage.
You hear some strange, mumbled words.
A magic dart appears from out of thin air!
The magic dart hits you. Something hits you but does no damage.
You hear some strange, mumbled words.
A puff of flame appears from out of thin air!
The puff of flame hits you but does no damage.
You barely miss something. Something hits you. x2
Unknown command.
You closely miss something. Your headbutt misses something.
Something hits you but does no damage. x2
Unknown command.
You closely miss something. Your headbutt misses something.
You hear some strange, mumbled words.
A puff of flame appears from out of thin air!
The puff of flame hits you!
* * * LOW HITPOINT WARNING * * *
You block something's attack.
Unknown command.
You hit something but do no damage. Your headbutt misses something.
You hear some strange, mumbled words.
A magic dart appears from out of thin air!
The magic dart hits you.
* * * LOW HITPOINT WARNING * * *
Something hits you.
* * * LOW HITPOINT WARNING * * *
You hear some strange, mumbled words.
A magic dart appears from out of thin air!
The magic dart hits you.
* * * LOW HITPOINT WARNING * * *
You block something's attack.
You miss something. Something hits you but does no damage.
You hear some strange, mumbled words.
A magic dart appears from out of thin air!
The magic dart hits you.
You die...

#.# ... #...#.
#######'###.# #.#.#.
............# #.#.#.
........†..## #.#.#.
...........# #.....
.......>...# #.....
...........# #.....
......[....######
#....#
..#######@{.....#
#..... ..
#{#####.#.###..... .o#
.##.#.....#.#. ...#
....#######.#. ....#
...........#. .....#
...........#.
......#.#...##...##.##
......#.....###...##.#.
...........#.#.


You could see an orc.

Vanquished Creatures
  Eustachio (D:4)
  An ogre (D:4)
  Natasha (D:2)
  Terence (D:2)
  6 adders
  A worm (D:4)
  A dart slug (D:3)
  10 orcs
  A ball python (D:4)
  8 endoplasms
  3 giant cockroaches
  3 goblins
  4 hobgoblins
  6 jackals
  3 frilled lizards
  5 kobolds
  7 rats
62 creatures vanquished.

Notes
Turn   | Place    | Note
-------+----------+-------------------------------------------
     0 | D:1      | Peloso the Minotaur Fighter began the quest for the Orb.
     0 | D:1      | Reached XP level 1. HP: 19/19 MP: 0/0
   120 | D:1      | Found a faded altar of an unknown god.
   329 | D:1      | Reached XP level 2. HP: 20/27 MP: 1/1
   747 | D:2      | Found Otalec's Book Boutique.
   803 | D:1      | Reached XP level 3. HP: 31/33 MP: 2/2
   877 | D:2      | Noticed Terence
   900 | D:2      | Killed Terence
   907 | D:2      | Noticed Natasha
   915 | D:2      | Reached XP level 4. HP: 26/40 MP: 3/3
   919 | D:2      | Killed Natasha
  1524 | D:3      | Identified the +0 chain mail of Baldness {Will++}
  1591 | D:3      | Found an opulent altar of Gozag.
  1692 | D:3      | Reached XP level 5. HP: 47/47 MP: 4/4
  1693 | D:3      | Reached skill level 5 in Fighting
  1773 | D:3      | Found an iron altar of Okawaru.
  1797 | D:3      | Became a worshipper of Warmaster Okawaru
  2048 | D:4      | Found the +2 hat of the Bear Spirit {Spirit, Bear, *Rage
                  | Will++}
  2054 | D:4      | Reached skill level 5 in Armour
  2120 | D:4      | Found a blossoming altar of Fedhas.
  2143 | D:4      | Noticed Eustachio
  2143 | D:4      | Noticed an ogre
  2174 | D:4      | Killed an ogre
  2186 | D:4      | Killed Eustachio
  2187 | D:4      | Reached skill level 5 in Long Blades
  2187 | D:4      | Reached XP level 6. HP: 48/56 MP: 2/5
  2567 | D:4      | Killed from afar by an orc wizard

Illustrated notes

Levels and vault maps discovered:
D:1:      erik_arrival_orb_chamber, layout_loops_ring,
          shapermc_ecumenical_altar_acropolis
D:2:      layout_basic, serial_shops, shop, minmay_misc_feat_encased,
          uniq_terence, uniq_natasha
D:3:      layout_rooms, okawaru_gym_becter, mainiacjoe_overflow_six_doors_small,
          amcnicky_mini_pool_small
D:4:      layout_basic, nicolae_vehumet_altar_sigil, fedhas_ov_isle_minmay,
          hangedman_decor_opposing, minivault_5, chequers_serial_rivers_small_3,
          uniq_eustachio, uniq_crazy_yiuf_cottage

Skill      XL: |  1  2  3  4  5 |
---------------+----------------+-----
Fighting       | 4 5 |  5.6
Armour         | 4 5 |  5.6
Shields        | 4 |  4.5
Long Blades    | 3 5 |  5.0
Dodging        | |  0.8
Stealth        | |  0.1

Action                     |  1- 3 |  4- 6 || total
---------------------------+-------+-------++-------
  Melee: Long sword        |    75 |   159 ||   234
         Headbutt          |     8 |    16 ||    24
    Use: Potion            |     6 |     1 ||     7
         Scroll            |       |     3 ||     3
 Armour: Scale mail        |    35 |     2 ||    37
         Plate armour      |       |   161 ||   161
  Dodge: Dodged            |    40 |    49 ||    89
  Block: Buckler           |    25 |    43 ||    68
